 Dungeon Crawl Stone Soup version 0.19.0-2-gae57169 (webtiles) character file.

934 xeno23 the Firebug (level 7, -3/60 HPs)
             Began as a Deep Elf Fire Elementalist on Nov 5, 2016.
             Was an Initiate of Vehumet.
             Slain by an orc priest
             ... wielding a +0 club
              (5 damage)
             ... on level 5 of the Dungeon.
             The game lasted 00:11:23 (4333 turns).

xeno23 the Firebug (Deep Elf Fire Elementalist)     Turns: 4333, Time: 00:11:23

Health: -3/60      AC:  3    Str: 10    XL:     7   Next: 86%
Magic:  4/16       EV: 13    Int: 25    God:    Vehumet [......]
Gold:   224        SH:  0    Dex: 15    Spells: 4 memorised, 3 levels left

rFire  . . .     SeeInvis .     (no weapon)
rCold  . . .     Gourm    .     a - +0 robe
rNeg   . . .     Faith    .     (no shield)
rPois  .         Spirit   .     (no helmet)
rElec  .         Reflect  .     x - +0 cloak
rCorr  .         Harm     .     (no gloves)
MR     .....                    (no boots)
Stlth  ..........               g - amulet of rage
                                v - +3 ring of intelligence
                                t - ring of flight

@: berserking (expiring), very quick
A: no striking features
a: Renounce Religion, Evoke Berserk Rage, Evoke Flight


You were on level 5 of the Dungeon.
You worshipped Vehumet.
Vehumet was noncommittal.
You were very hungry.

You visited 2 branches of the dungeon, and saw 6 of its levels.

You collected 224 gold pieces.

Inventory:

Armour
 a - a +0 robe (worn)
 x - a +0 cloak (worn)
Jewellery
 g - an amulet of rage (around neck)
 t - a ring of flight (left hand)
 v - a +3 ring of intelligence (right hand)
Wands
 f - a wand of flame (25/48)
 o - a wand of teleportation (4/9)
 s - a wand of acid (6/15)
Scrolls
 e - 4 scrolls of amnesia
 i - 2 scrolls of immolation {unknown}
 j - 3 scrolls of identify {unknown}
 n - a scroll of recharging {unknown}
 p - 2 scrolls of remove curse {unknown}
 q - 10 scrolls of teleportation
 r - a scroll of random uselessness {unknown}
 u - a scroll of enchant weapon {unknown}
 y - a scroll of enchant armour {unknown}
Potions
 d - a potion of flight {unknown}
 h - 2 potions of berserk rage
 k - a potion of agility {unknown}
 m - a potion of might {unknown}
Books
 b - a book of Flames

   Spells                             Type                      Level
   a - Flame Tongue                   Conjuration/Fire             1
   b - Throw Flame                    Conjuration/Fire             2
   c - Conjure Flame                  Conjuration/Fire             3
   d - Inner Flame                    Hexes/Fire                   3
   e - Sticky Flame                   Conjuration/Fire             4
   f - Fireball                       Conjuration/Fire             5
Comestibles
 c - 4 bread rations
 l - 3 meat rations


   Skills:
 * Level 2.7 Fighting
 - Level 2.4 Dodging
 - Level 2.4 Stealth
 - Level 5.0 Spellcasting
 * Level 6.0 Conjurations
 * Level 6.6 Fire Magic


You had 3 spell levels left.
You knew the following spells:

 Your Spells              Type           Power        Failure   Level  Hunger
a - Flame Tongue          Conj/Fire      #####        1%          1    None
d - Conjure Flame         Conj/Fire      #####...     1%          3    ##.....
q - Fireball              Conj/Fire      #####.....   17%         5    #####..
s - Sticky Flame          Conj/Fire      #####...     8%          4    ####...


Dungeon Overview and Level Annotations

Branches:
Dungeon (5/15)             Temple (1/1) D:4

Altars:
Ashenzari
Cheibriados
Dithmenos
Elyvilon
Fedhas
Gozag
Hepliaklqana
Kikubaaqudgha
Makhleb
Nemelex Xobeh
Okawaru
Qazlal
Ru
Sif Muna
Trog
Uskayaw
Vehumet
Xom
Yredelemnul
Zin
The Shining One


Message History

You take 14 damage.
The orc priest casts a cantrip, but nothing happens.
It was a potion of berserk rage.
A red film seems to cover your vision as you go berserk!
You feel yourself moving faster!
You feel mighty!
The orc priest looks encouraged for a moment.
You feel a strong urge to attack something.
You hit the orc priest but do no damage.
The orc priest hits you with a club.
* * * LOW HITPOINT WARNING * * *
You take 3 damage.
You barely miss the orc priest. The orc priest barely misses you.
You completely miss the orc priest. You closely miss the orc priest.
The orc priest barely misses you.
You hit the orc priest.
The orc priest is lightly wounded.
You barely miss the orc priest.
The orc priest is lightly wounded.
The orc priest hits you with a club.
You die...

########...##
#............
#.######.....
#.......... ######
#.####..... #.).)#
#....<.....
#.##.#.######.....
#o##.#.......#.#..
#@##.#######.#.#..
#.##o.....##.#....
#.##..###....#.#..
#.##..# ########..
#.##..# #.(o)o.#
#.##..#####ยง######
#.##........#
##.###.#######
#......#


You could see an orc priest.

Vanquished Creatures
  2 eyes of draining (D:3)
  A sky beast (D:5)
  2 ogres (D:4)
  A bullfrog (D:3)
  A centaur zombie (D:5)
  Crazy Yiuf (D:4)
  4 orc wizards
  A centaur skeleton (D:5)
  Jessica (D:2)
  A worker ant (D:4)
  A worker ant zombie (D:4)
  5 gnolls
  3 adders
  3 worms
  5 dart slugs
  A leopard gecko (D:4)
  7 orcs
  A ball python (D:1)
  2 bats
  4 giant cockroaches
  5 hobgoblins
  4 jackals (D:3)
  5 kobolds
  A quokka (D:3)
  5 frilled lizards
  2 goblins
  A leopard gecko skeleton (D:4)
  7 rats
77 creatures vanquished.

Notes
Turn   | Place    | Note
-------+----------+-------------------------------------------
     0 | D:1      | xeno23 the Deep Elf Fire Elementalist began the quest for the Orb.
     0 | D:1      | Reached XP level 1. HP: 10/10 MP: 6/6
   188 | D:1      | Reached XP level 2. HP: 12/15 MP: 0/8
  1081 | D:2      | Reached XP level 3. HP: 18/19 MP: 1/10
  1162 | D:2      | Learned a level 3 spell: Conjure Flame
  1283 | D:2      | Noticed Jessica
  1289 | D:2      | Killed Jessica
  1304 | D:2      | Found a deep blue altar of Sif Muna.
  1577 | D:2      | Reached XP level 4. HP: 24/24 MP: 9/12
  1682 | D:2      | Found a glowing golden altar of the Shining One.
  1998 | D:3      | Found a shadowy altar of Dithmenos.
  2002 | D:3      | Noticed a bullfrog
  2011 | D:3      | Killed a bullfrog
  2011 | D:3      | Reached XP level 5. HP: 11/28 MP: 8/14
  2203 | D:3      | Found a bloodstained altar of Trog.
  2203 | D:3      | Noticed an eye of draining
  2203 | D:3      | Noticed an eye of draining
  2244 | D:3      | Killed an eye of draining
  2244 | D:3      | Reached skill level 5 in Spellcasting
  2244 | D:3      | Reached skill level 5 in Fire Magic
  2244 | D:3      | Reached XP level 6. HP: 32/32 MP: 0/15
  2363 | D:3      | Learned a level 4 spell: Sticky Flame
  2369 | D:3      | Learned a level 5 spell: Fireball
  2406 | D:3      | Reached skill level 1 in Fighting
  2969 | D:4      | Found a staircase to the Ecumenical Temple.
  3007 | D:4      | Found a runed door.
  3040 | Temple   | Entered the Ecumenical Temple
  3264 | D:4      | Found a radiant altar of Vehumet.
  3265 | D:4      | Reached XP level 7. HP: 30/38 MP: 14/16
  3278 | D:4      | Became a worshipper of Vehumet
  3330 | D:4      | Noticed Crazy Yiuf
  3338 | D:4      | Killed Crazy Yiuf
  3338 | D:4      | Reached skill level 5 in Conjurations
  3919 | D:5      | Entered Level 5 of the Dungeon
  4072 | D:5      | Found a radiant altar of Vehumet.
  4328 | D:5      | HP: 2/60 [orc priest/club (3)]
  4333 | D:5      | Slain by an orc priest

Skill      XL: |  1  2  3  4  5  6  7 |
---------------+----------------------+-----
Spellcasting   | 4 5 |  5.0
Conjurations   | 2 3 4 6 |  6.0
Fire Magic     | 4 5 6 |  6.6
Fighting       | 1 2 |  2.7
Dodging        | |  2.4
Stealth        | |  2.4

Action                   |  1- 3 |  4- 6 |  7- 9 || total
-------------------------+-------+-------+-------++-------
Melee: Unarmed           |     2 |    44 |    11 ||    57
 Cast: Flame Tongue      |    51 |    65 |    47 ||   163
       Conjure Flame     |       |     1 |     2 ||     3
       Sticky Flame      |       |     3 |     6 ||     9
       Fireball          |       |     1 |       ||     1
  Use: Scroll            |       |     2 |       ||     2
       Potion            |       |       |     1 ||     1
 Stab: Sleeping          |     1 |       |     1 ||     2
  Eat: Chunk             |     1 |     4 |     3 ||     8
       Pizza             |       |     1 |       ||     1
       Beef jerky        |       |       |     1 ||     1
Armor: Robe              |     4 |     3 |       ||     7
Dodge: Dodged            |    12 |    19 |    20 ||    51
